 Dungeon Crawl Stone Soup version 0.30-a0-879-ga8ba668304 (webtiles) character file.

Game seed: 7178286321277270475

859 dolemite99 the Chopper (level 7, -14/52 HPs)
             Began as a Demonspawn Fighter on Mar 12, 2023.
             Killed from afar by a steam dragon (17 damage)
             ... with a ball of steam
             ... on level 6 of the Dungeon.
             The game lasted 00:07:03 (4945 turns).

dolemite99 the Chopper (Demonspawn Fighter)         Turns: 4945, Time: 00:07:04

Health: -14/52     AC:  8    Str: 18    XL:     7   Next: 71%
Magic:  7/7        EV:  7    Int:  9    God:
Gold:   160        SH:  8    Dex: 13    Spells: 6/6 levels left

rFire   . . .      SeeInvis .    m - +4 flail
rCold   . . .      Faith    .    n - +0 kite shield
rNeg    . . .      Spirit   .    b - +0 scale mail
rPois   .          Reflect  .    (helmet restricted)
rElec   .          Rampage  .    (no cloak)
rCorr   .                        (no gloves)
Will    .....                    (no boots) Stlth
                                 (no amulet)
HPRegen 0.28/turn                (no ring)
MPRegen 0.20/turn                (no ring)

@: no status effects
A: antennae 1, molten scales 1, magic regeneration
a: no special abilities


You were on level 6 of the Dungeon.
You visited 1 branch of the dungeon, and saw 6 of its levels.

You collected 160 gold pieces.

Inventory:

Hand Weapons
 a - a +0 war axe
 j - a +0 flail
 m - a +4 flail (weapon)
 r - a +0 sling
 s - the +12 pair of quick blades "Gyre" and "Gimble" {protect}
   (You found it on level 2 of the Dungeon)
 B - a +0 longbow
Armour
 b - a +0 scale mail (worn)
 c - a +0 buckler
 n - a +0 kite shield (worn)
Jewellery
 f - a ring of fire
 i - a +6 ring of dexterity
 w - a +6 ring of strength
 C - a ring of protection from cold
 F - a +6 ring of dexterity
Wands
 D - a wand of digging (4)
Scrolls
 e - 4 scrolls of torment {unknown}
 g - a scroll of vulnerability
 h - 5 scrolls of identify {@r1}
 k - a scroll of poison
 l - 3 scrolls of noise {unknown}
 p - a scroll of teleportation
 q - a scroll of acquirement {unknown}
 y - 2 scrolls of fear {unknown}
 z - a scroll of magic mapping {unknown}
 A - 2 scrolls of enchant weapon {unknown}
 E - a scroll of blinking {unknown}
Potions
 d - 2 potions of might
 o - a potion of flight {unknown}
 t - a potion of lignification {unknown}
 u - a potion of attraction
 v - a potion of degeneration {unknown}
 x - 2 potions of brilliance {unknown}


   Skills:
 - Level 3.0 Fighting
 - Level 7.2(7.6) Axes
 + Level 3.7(5.9) Maces & Flails
 - Level 2.6 Armour
 - Level 2.6 Shields


You had 6 spell levels left.
You didn't know any spells.
Your spell library contained the following spells:

 Spells                   Type           Power      Damage    Failure   Level
 Sandblast                Erth           0%         2d4       99%         1
 Blink                    Tloc           0%         N/A       99%         2
 Lesser Beckoning         Tloc           0%         N/A       99%         2
 Momentum Strike          Conj/Tloc      0%         3d8       99%         2
 Passwall                 Tmut/Erth      0%         N/A       99%         2
 Stone Arrow              Conj/Erth      0%         3d7       100%        3
 Animate Armour           Summ/Erth      0%         N/A       100%        4
 Blade Hands              Tmut           0%         N/A       100%        5
 Iron Shot                Conj/Erth      0%         9d1       100%        6
 Lehudib's Crystal Spear  Conj/Erth      0%         10d2      100%        8


Dungeon Overview and Level Annotations

Branches:
Dungeon (6/15)
 Temple: D:4-7

Altars:
Fedhas
Hepliaklqana
Kikubaaqudgha
Makhleb
Qazlal


Innate Abilities, Weirdness & Mutations

You have a pair of small antennae on your head.
You are partially covered in molten scales. (AC +2)
You regenerate magic rapidly.


Message History

You block the water moccasin's attack. The water moccasin bites you.
You thump the water moccasin!
You kill the water moccasin!
Your base Maces & Flails skill increases to level 3!
No target in view!
y - 2 scrolls labelled KOYHUS RUAPTY (gained 1)
A steam dragon comes into view.
Found a stone staircase leading down.
The steam dragon hisses angrily.
A steam dragon is nearby!
Found a stone staircase leading up.
The steam dragon breathes steam at you. The ball of steam hits you!
You're standing in a cloud of steam!
You hit the steam dragon.
The steam dragon is lightly wounded.
The steam dragon closely misses you. You block the steam dragon's attack.
The steam dragon breathes steam at you. The ball of steam misses you.
You sock the steam dragon!
The steam dragon is heavily wounded.
You are engulfed in a cloud of scalding steam.
You block the steam dragon's attack. The steam dragon closely misses you.
You sock the steam dragon!
The steam dragon is severely wounded.
You are engulfed in a cloud of scalding steam.
You block the steam dragon's attack. The steam dragon claws you.
You hit the steam dragon.
The steam dragon is severely wounded.
You are engulfed in a cloud of scalding steam.
* * * LOW HITPOINT WARNING * * *
The steam dragon bites you.
* * * LOW HITPOINT WARNING * * *
The steam dragon claws you.
* * * LOW HITPOINT WARNING * * *
You closely miss the steam dragon.
The steam dragon is severely wounded.
The steam dragon breathes steam at you. The ball of steam hits you!
You die...

#.# #.# ### #.#
..####.# #######
#.##...###.....#
#<#.....##.###.#
#####.#......†.....###
#>..D.......##.##.....
#.###@##§....#.###.###
#.###...##.# #.# #.#
##.###.# #.# ..# #.#
#.. ..# ### #.# ###
### #+# ##### #....
#.### #.#.#


You could see a steam dragon (catching breath).

Vanquished Creatures
  A water moccasin (D:6)
  A black bear (D:4)
  A centaur (D:5)
  Blork the orc (D:5)
  3 hounds (D:5)
  2 iguanas
  An orc priest (D:5)
  Natasha (D:3)
  An orc wizard (D:5)
  13 adders
  3 gnolls (D:3)
  4 worms
  5 dart slugs
  5 orcs
  6 bats
  8 endoplasms
  4 giant cockroaches
  11 hobgoblins
  6 jackals
  8 kobolds
  8 quokkas
  11 ball pythons
  2 frilled lizards
  6 goblins
  12 rats
124 creatures vanquished.

Vanquished Creatures (others)
  An adder (D:5)
1 creature vanquished.

Grand Total: 125 creatures vanquished

Notes
Turn   | Place    | Note
-------+----------+-------------------------------------------
     0 | D:1      | dolemite99 the Demonspawn Fighter began the quest for the
                  | Orb.
     0 | D:1      | Reached XP level 1. HP: 18/18 MP: 1/1
    40 | D:1      | Reached skill level 2 in Axes
    78 | D:1      | Gained mutation: You regenerate magic rapidly. [demonic
                  | ancestry]
    78 | D:1      | Reached XP level 2. HP: 21/24 MP: 2/2
   331 | D:1      | Reached skill level 3 in Axes
   469 | D:1      | Reached XP level 3. HP: 15/29 MP: 3/3
   710 | D:2      | Found the +12 pair of quick blades "Gyre" and "Gimble"
                  | {protect}
  1056 | D:2      | Reached skill level 4 in Axes
  1056 | D:2      | Gained mutation: You are partially covered in molten
                  | scales. (AC +2) [demonic ancestry]
  1056 | D:2      | Reached XP level 4. HP: 35/35 MP: 4/4
  2094 | D:3      | Found a faded altar of an unknown god.
  2374 | D:3      | Gained mutation: You have a pair of small antennae on your
                  | head. [demonic ancestry]
  2374 | D:3      | Reached XP level 5. HP: 39/41 MP: 5/5
  2466 | D:3      | Reached skill level 5 in Axes
  2806 | D:3      | Noticed Natasha
  2810 | D:3      | Killed Natasha
  3379 | D:4      | Noticed an orc warrior
  3410 | D:4      | Noticed a black bear
  3436 | D:4      | Reached XP level 6. HP: 32/47 MP: 6/6
  3507 | D:4      | Reached skill level 6 in Axes
  3545 | D:4      | Found an ancient bone altar of Kikubaaqudgha.
  3592 | D:4      | Found a burning altar of Makhleb.
  3606 | D:4      | Found a hazy altar of Hepliaklqana.
  3609 | D:4      | Found a blossoming altar of Fedhas.
  3611 | D:4      | Found a stormy altar of Qazlal.
  3727 | D:5      | Entered Level 5 of the Dungeon
  4030 | D:5      | HP: 2/47 [centaur (3)]
  4032 | D:5      | Reached skill level 7 in Axes
  4032 | D:5      | Reached XP level 7. HP: 3/52 MP: 7/7
  4309 | D:5      | Noticed Blork the orc
  4319 | D:5      | Killed Blork the orc
  4320 | D:5      | Reached skill level 1 in Maces & Flails
  4882 | D:4      | You fall into a shaft and drop 2 floors!
  4937 | D:6      | Noticed a steam dragon
  4944 | D:6      | HP: 2/52 [steam dragon (3)]
  4945 | D:6      | Killed from afar by a steam dragon

Illustrated notes

Levels and vault maps discovered:
D:1:      dpeg_arrival_rooms_b, layout_basic, minmay_pentomino_w2
D:2:      layout_basic
D:3:      layout_loops_corners, nicolae_ecumenical_snake_handling, uniq_natasha
D:4:      cheibrodos_helix_gallery, layout_cave_pods, minitemple,
          mainiacjoe_overflow_24_doors, minivault_23
D:5:      layout_basic, nicolae_dithmenos_the_darkroom, xom_confusion_cloud,
          minmay_temple_entry_butterflies, uniq_blork_the_orc
D:6:      layout_loops_corners

Skill      XL: |  1  2  3  4  5  6  7 |
---------------+----------------------+-----
Axes           | 2 3 4 5 7 |  7.2
Maces & Flails | 3 |  3.7
Fighting       | |  3.0
Armour         | |  2.6
Shields        | |  2.6

Action                     |  1- 3 |  4- 6 |  7- 9 || total
---------------------------+-------+-------+-------++-------
  Melee: War axe           |   132 |   239 |     4 ||   375
         Flail             |       |       |    42 ||    42
    Use: Scroll            |       |     6 |       ||     6
         Potion            |       |     7 |     1 ||     8
 Armour: Scale mail        |    72 |   134 |    20 ||   226
  Dodge: Dodged            |    74 |   139 |    19 ||   232
  Block: Buckler           |    29 |    60 |     1 ||    90
         Kite shield       |       |       |    20 ||    20

Table legend: (Time is in decaauts)
 A = Elapsed time spent in this place.
 B = Non-inter-level travel time spent in this place.
 C = Inter-level travel time spent in this place.
 D = Time resting spent in this place.
 E = Time spent auto-exploring this place.
 F = Levels seen in this place.
 G = Mean time per level.
                   A        B        C        D        E       F      G
               +--------+--------+--------+--------+--------+-----+--------+
         Total |   5093 |   4993 |    100 |   1111 |   2473 |   6 |  848.8 |
       Dungeon |   5093 |   4993 |    100 |   1111 |   2473 |   6 |  848.8 |
               +--------+--------+--------+--------+--------+-----+--------+

Top non-repeatable levels by time:
     D:3: 1475 daAuts
     D:4: 1199 daAuts
     D:2: 960 daAuts
     D:1: 705 daAuts
     D:5: 686 daAuts
     D:6: 66 daAuts
